 Dungeon Crawl Stone Soup version 0.28-a0-983-g1de4e07 (webtiles) character file.

Game seed: 3799050569653813041

163 HDogLeCool the Bolt Thrower (level 5, -2/39 HPs)
             Began as a Human Wanderer on Dec 2, 2021.
             Killed by divine providence
             ... invoked by an orc priest
              (12 damage)
             ... on level 2 of the Dungeon.
             The game lasted 00:09:25 (2546 turns).

HDogLeCool the Bolt Thrower (Human Wanderer)        Turns: 2546, Time: 00:09:25

Health: -2/39      AC:  4    Str: 10    XL:     5   Next: 73%
Magic:  18/18      EV: 10    Int: 14    God:
Gold:   55         SH:  3    Dex: 15    Spells: 8/9 levels left

rFire   . . .      SeeInvis +   a - +2 hand crossbow
rCold   . . .      Faith    .   r - +0 buckler
rNeg    . . .      Spirit   .   m - +0 leather armour
rPois   .          Reflect  .   (no helmet)
rElec   .          Harm     .   k - +0 cloak
rCorr   .          Rampage  .   (no gloves)
Will    .....                   (no boots)
Stlth   +.........              (no amulet)
HPRegen 0.13/turn               h - ring of see invisible
MPRegen 0.16/turn               i - ring of magical power

@: no status effects
A: no striking features
a: no special abilities


You were on level 2 of the Dungeon.
You visited 1 branch of the dungeon, and saw 3 of its levels.

You collected 55 gold pieces.

Inventory:

Hand Weapons
 a - a +2 hand crossbow (weapon)
 b - a +0 dagger
Missiles
 c - 30 poisoned darts
 d - 3 bolts (quivered ammo)
Armour
 e - a +0 robe
 k - a +0 cloak (worn)
 m - a +0 leather armour (worn)
 n - a scarf of repulsion
 r - a +0 buckler (worn)
Jewellery
 h - a ring of see invisible (left hand)
 i - a ring of magical power (right hand)
Scrolls
 f - 2 scrolls of teleportation {unknown}
 l - 3 scrolls of identify {unknown}
 o - a scroll of blinking {unknown}
 p - a scroll of summoning {unknown}
 q - a scroll of immolation {unknown}
 s - a scroll of fear {unknown}
Potions
 g - a potion of heal wounds {unknown}
 j - a potion of lignification {unknown}


   Skills:
 + Level 2.3 Fighting
 + Level 3.7 Crossbows
 - Level 1.0 Throwing
 - Level 1.0 Stealth
 * Level 0.0 Shields
 + Level 2.8 Spellcasting
 + Level 3.7 Necromancy


You had 8 spell levels left.
You knew the following spells:

 Your Spells              Type           Power      Damage    Failure   Level
a - Animate Skeleton      Necr           24%        N/A       11%         1

Your spell library contained the following spells:

 Spells                   Type           Power      Damage    Failure   Level
 Pain                     Necr           48%        1d6       11%         1
 Vampiric Draining        Necr           12%        2d6       32%         3


Dungeon Overview and Level Annotations

Branches:
Dungeon (3/15)

Altars:


Message History

The orc priest barely misses you.
The orc hits you from afar with a +0 trident.
The orc priest looks satisfied for a moment.
There is a stone staircase leading up here.
The orc priest begins to cast a cantrip, but forgets the words!
You climb upwards.
There is a stone staircase leading down here.
You start resting.
HP restored.
You climb downwards.
You block the orc priest's attack. The orc priest hits you with a +0 mace.
There is a stone staircase leading up here.
You shoot a bolt. The bolt barely misses the orc priest.
The orc priest hits you with a +0 mace.
You shoot a bolt. The bolt hits the orc priest.
The orc priest is moderately wounded.
The orc priest calls down the wrath of Beogh upon you.
Beogh smites you!
You are too injured to fight recklessly!
You are too injured to fight recklessly!
You are too injured to fight recklessly!
The orc priest hits you with a +0 mace.
You climb upwards.
There is a stone staircase leading down here.
You are too injured to fight recklessly!
You are too injured to fight recklessly!
Fire: 5 bolts
Press: ? - help, Q - select action, (/) - cycle Shift-Dir - straight line, f - orc priest
Aim: an orc priest, wielding a +0 mace and wearing a +0 leather armour (moderately wounded, 66% to hit)
You shoot a bolt. The bolt barely misses the orc priest.
The orc priest hits you with a +0 mace. x2
* * * LOW HITPOINT WARNING * * *
Fire: 4 bolts
Press: ? - help, Q - select action, (/) - cycle Shift-Dir - straight line, f/p - orc priest
Aim: an orc priest, wielding a +0 mace and wearing a +0 leather armour (moderately wounded, 66% to hit)
You shoot a bolt. The bolt hits the orc priest.
The orc priest is severely wounded.
The orc priest mumbles some strange prayers to Beogh against you.
Beogh smites you!
You die...

..####.#.......# #...# #.## ..#
#.#...)...# #...# #... <.#
#.#.......# #...# ####
######.##......# #...# ####>
.....#.##......## #...# #....
.....#.#........####...######.#..
.....#...#....................#..
........###.....o................
)....##..#..#...@........^....#.#
.....###....##..####...######....
.....# ##.......# #...# ###..
###### ###.##### #...# ### ######
#.# #...# #### ##...# #.# #...#
#... .....# #.# ###...### #.##
##...######.# #.......# #.##
###.........######.##....# #.##


You could see an orc priest.

Vanquished Creatures
  9 gnolls
  2 adders (D:2)
  2 worms (D:2)
  An orc (D:3)
  5 bats
  4 endoplasms
  4 giant cockroaches
  7 hobgoblins
  2 quokkas
  6 ball pythons
  A frilled lizard (D:1)
  4 goblins
  3 kobolds
  2 rats (D:1)
52 creatures vanquished.

Vanquished Creatures (collateral kills)
  An endoplasm (D:2)
  A bat (D:2)
2 creatures vanquished.

Vanquished Creatures (others)
  4 fungi (D:2)
  3 plants (D:2)
7 creatures vanquished.

Grand Total: 61 creatures vanquished

Notes
Turn   | Place    | Note
-------+----------+-------------------------------------------
     0 | D:1      | HDogLeCool the Human Wanderer began the quest for the Orb.
     0 | D:1      | HDogLeCool set off with the following items: a +2 hand
                  | crossbow, 25 bolts, 10 poisoned darts, a +0 dagger, a +0
                  | robe; and the following spell memorised: Animate Skeleton;
                  | and the following spells available to memorise: Vampiric
                  | Draining
     0 | D:1      | Reached XP level 1. HP: 15/15 MP: 3/3
   107 | D:1      | Reached XP level 2. HP: 20/21 MP: 5/5
   119 | D:1      | Reached XP level 3. HP: 26/26 MP: 6/6
   911 | D:2      | Reached XP level 4. HP: 33/33 MP: 7/7
  1230 | D:2      | Reached XP level 5. HP: 34/38 MP: 8/8
  1236 | D:2      | Found a faded altar of an unknown god.
  1533 | D:2      | Got Plato's Incunabulum of Sinister Rituals
  2546 | D:2      | Killed from afar by an orc priest

Illustrated notes

Levels and vault maps discovered:
D:1:      roderic_octagonal_star, layout_loops_cross, skrybe_limestone_x,
          minmay_door_square, minmay_heptomino_w4
D:2:      layout_loops_cross, shapermc_ecumenical_altar_rom_forum,
          minmay_misc_feat_room, minmay_crystal_water, due_unseen_surprise
D:3:      layout_loops_ring, serial_shops, shop_fountains, nrook_mini_backslash,
          kennysheep_jessica_study

Skill      XL: |  1  2  3  4 |
---------------+-------------+-----
Crossbows      | 3 |  3.7
Fighting       | 2 |  2.3
Throwing       | |  1.0
Stealth        | |  1.0
Spellcasting   | |  2.8
Necromancy     | |  3.7

Action                   |  1- 3 |  4- 6 || total
-------------------------+-------+-------++-------
Melee: Dagger            |       |    13 ||    13
 Fire: Hand crossbow     |    41 |    74 ||   115
 Cast: Animate Skeleton  |     2 |     5 ||     7
Armor: Robe              |     2 |       ||     2
       Leather armour    |       |    11 ||    11
Dodge: Dodged            |     5 |    30 ||    35
Block: Buckler           |       |     1 ||     1

Table legend: (Time is in decaauts)
 A = Elapsed time spent in this place.
 B = Non-inter-level travel time spent in this place.
 C = Inter-level travel time spent in this place.
 D = Time resting spent in this place.
 E = Time spent auto-exploring this place.
 F = Levels seen in this place.
 G = Mean time per level.
                   A        B        C        D        E       F      G
               +--------+--------+--------+--------+--------+-----+--------+
         Total |   2587 |   2536 |     51 |    595 |   1426 |   3 |  862.3 |
       Dungeon |   2587 |   2536 |     51 |    595 |   1426 |   3 |  862.3 |
               +--------+--------+--------+--------+--------+-----+--------+

Top non-repeatable levels by time:
     D:2: 1646 daAuts
     D:1: 917 daAuts
     D:3: 24 daAuts
